 Dungeon Crawl Stone Soup version 0.27-a0-676-gc1da3516c2 (webtiles) character file.

Game seed: 3349472373106253932

744 Ijustatesigmund the Chopper (level 7, -1/55 HPs)
             Began as a Demonspawn Fighter on Mar 18, 2021.
             Was a Believer of Cheibriados.
             Slain by an orc
             ... wielding a +0 falchion
              (3 damage)
             ... on level 5 of the Dungeon.
             The game lasted 00:06:50 (5222 turns).

Ijustatesigmund the Chopper (Demonspawn Fighter)    Turns: 5222, Time: 00:06:51

Health: -1/55      AC: 12    Str: 18 (21) XL:     7   Next: 47%
Magic:  10/10      EV:  6    Int: 12 (15) God:    Cheibriados [**....]
Gold:   194        SH: 10    Dex: 18 (19) Spells: 6/6 levels left

rFire    . . .     SeeInvis .   a - +2 war axe
rCold    . . .     Faith    .   c - +1 kite shield
rNeg     . . .     Spirit   .   b - +0 chain mail
rPois    .         Reflect  .   (helmet restricted)
rElec    .         Harm     .   o - +0 cloak
rCorr    .         Rampage  .   j - +1 pair of gloves
Will     .....                  (no boots)
Stlth    ..........             (no amulet)
HPRegen  0.18/turn              (no ring)
MPRegen  0.12/turn              (no ring)

@: berserk cooldown, slowed, studying Earth Magic, very slow
A: antennae 2, ignite blood 1
a: Renounce Religion, Bend Time


You were on level 5 of the Dungeon.
You worshipped Cheibriados.
Cheibriados was pleased with you.
You visited 1 branch of the dungeon, and saw 6 of its levels.

You collected 194 gold pieces.

Inventory:

Hand Weapons
 a - a +2 war axe (weapon)
 v - a +2 vampiric spear
Armour
 b - a +0 chain mail (worn)
 c - a +1 kite shield (worn)
 j - a +1 pair of gloves (worn)
 o - a +0 cloak (worn)
Jewellery
 q - a ring of fire
Scrolls
 g - a scroll of immolation
 n - 2 scrolls of amnesia {unknown}
 r - a scroll of holy word {unknown}
 s - a scroll of identify
 t - a scroll of fear {unknown}
Potions
 d - a potion of might
 e - 2 potions of lignification
 f - a potion of cancellation
 h - a potion of curing
 l - 2 potions of haste
 u - a potion of brilliance {unknown}
 w - a potion of attraction {unknown}


   Skills:
 + Level 4.8 Fighting
 * Level 5.1 Axes
 - Level 2.6 Armour
 + Level 3.1 Dodging
 - Level 2.6 Shields
 + Level 4.3 Invocations


You had 6 spell levels left.
You didn't know any spells.
Your spell library contained the following spells:

 Spells                   Type           Power      Damage    Failure   Level
 Animate Skeleton         Necr           0%         N/A       100%        1
 Apportation              Tloc           0%         N/A       100%        1
 Corona                   Hex            0%         N/A       100%        1
 Shock                    Conj/Air       0%         1d3       100%        1
 Summon Small Mammal      Summ           0%         N/A       100%        1
 Ensorcelled Hibernation  Hex/Ice        0%         N/A       100%        2
 Swiftness                Air            0%         N/A       100%        2
 Confusing Touch          Hex            0%         N/A       100%        3
 Dazzling Flash           Conj/Hex       0%         N/A       100%        3
 Static Discharge         Conj/Air       0%         N/A       100%        3
 Tukima's Dance           Hex            0%         N/A       100%        3
 Airstrike                Air            0%         N/A       100%        4
 Lightning Bolt           Conj/Air       0%         1d11      100%        5


Dungeon Overview and Level Annotations

Branches:
Dungeon (6/15)             Temple (0/1) D:5

Altars:
Cheibriados


Innate Abilities, Weirdness & Mutations

You have a pair of antennae on your head.
Your demonic aura sometimes causes spilled blood to erupt in flames


Message History

* * * LOW HITPOINT WARNING * * *
The centaur shoots an arrow.
The arrow hits you.
* * * LOW HITPOINT WARNING * * *
It was a potion of berserk rage.
A red film seems to cover your vision as you go berserk!
Cheibriados protects you from inadvertent hurry.
You feel mighty!
The centaur shoots an arrow.
The arrow completely misses you.
You feel a strong urge to attack something.
The centaur shoots an arrow.
The arrow hits you.
* * * LOW HITPOINT WARNING * * *
The centaur shoots an arrow.
The arrow hits you.
* * * LOW HITPOINT WARNING * * *
The centaur shoots an arrow.
The arrow hits you.
* * * LOW HITPOINT WARNING * * *
Things that are here:
a +0 ring mail; a +0 falchion; an orc corpse The centaur unwields a +0 shortbow.
The centaur hits you.
* * * LOW HITPOINT WARNING * * *
The centaur hits you but does no damage.
Things that are here:
a +0 trident; an orc corpse You slash the centaur!
The centaur is heavily wounded.
You block the centaur's attack. x2
Your shield and chain mail prevent you from hitting the centaur.
The centaur is heavily wounded.
The centaur hits you but does no damage.
You block the centaur's attack.
You slash the centaur!
You kill the centaur!
Cheibriados thoroughly appreciates the change of pace.
You are no longer berserk.
You are exhausted.
You feel yourself slow down. The orc barely misses you.
Your Axes skill increases to level 5!
It was a potion of degeneration.
There was something very wrong with that liquid.
You feel weakened.
You feel dopey.
You feel clumsy. The orc hits you with a +0 falchion.
You die...

###.#####.......#
#
#......##.......#
#
#.....).........#
#
#......>.########
#..:.....#
###.#....#
#.###### #[# #@#
#o#


ooB .l..) ....... ...(((... ........... $..!..(..((.. You could see an orc
priest, 2 orcs, a giant cockroach and a frilled lizard.

Vanquished Creatures
  An ogre (D:4)
  A centaur (D:5)
  Blork the orc (D:4)
  2 scorpions (D:4)
  A water moccasin skeleton (D:4)
  A bullfrog zombie (D:5)
  A gnoll shaman (D:6)
  A hound (D:4)
  An orc priest (D:5)
  An orc wizard (D:5)
  5 gnolls
  7 adders
  An adder skeleton (D:5)
  4 worms
  2 dart slugs (D:2)
  3 leopard geckos
  6 orcs
  9 bats
  3 giant cockroaches
  3 hobgoblins
  8 jackals
  10 kobolds
  5 quokkas
  4 frilled lizards
  12 goblins
  4 rats
97 creatures vanquished.

Notes
Turn   | Place    | Note
-------+----------+-------------------------------------------
     0 | D:1      | Ijustatesigmund the Demonspawn Fighter began the quest for
                  | the Orb.
     0 | D:1      | Reached XP level 1. HP: 18/18 MP: 1/1
   130 | D:1      | Reached skill level 2 in Axes
   190 | D:1      | Gained mutation: You have a pair of small antennae on your
                  | head. [demonic ancestry]
   190 | D:1      | Reached XP level 2. HP: 13/24 MP: 2/2
  1054 | D:2      | Noticed a torpor snail
  1056 | D:2      | Found a snail-covered altar of Cheibriados.
  1056 | D:2      | Noticed a torpor snail
  1067 | D:2      | Reached skill level 1 in Dodging
  1073 | D:2      | Reached XP level 3. HP: 28/29 MP: 3/3
  1077 | D:2      | Noticed a torpor snail
  1097 | D:2      | Became a worshipper of Cheibriados the Contemplative
  1757 | D:2      | Reached skill level 1 in Invocations
  2361 | D:2      | Reached XP level 4. HP: 31/35 MP: 4/4
  2650 | D:3      | Reached skill level 3 in Axes
  2715 | D:3      | Reached * piety under Cheibriados
  2865 | D:3      | Identified a scroll of acquirement
  2865 | D:3      | Acquired a manual of Earth Magic
  3243 | D:3      | Found a faded altar of an unknown god.
  3394 | D:4      | Reached XP level 5. HP: 29/42 MP: 6/6
  3708 | D:4      | Noticed an ogre
  3714 | D:4      | Killed an ogre
  3715 | D:4      | Gained mutation: Your demonic aura sometimes causes spilled
                  | blood to erupt in flames [demonic ancestry]
  3715 | D:4      | Reached XP level 6. HP: 9/48 MP: 0/8
  4005 | D:4      | Reached skill level 4 in Axes
  4110 | D:4      | Noticed Blork the orc
  4116 | D:4      | Killed Blork the orc
  4658 | D:5      | Entered Level 5 of the Dungeon
  4785 | D:5      | Reached ** piety under Cheibriados
  4810 | D:5      | Found a staircase to the Ecumenical Temple.
  4885 | D:6      | Gained mutation: You have a pair of antennae on your head.
                  | [demonic ancestry]
  4885 | D:6      | Reached XP level 7. HP: 46/55 MP: 9/9
  5218 | D:5      | HP: 2/82 [centaur (5)]
  5222 | D:5      | Reached skill level 5 in Axes
  5222 | D:5      | Slain by an orc

Illustrated notes

Levels and vault maps discovered:
D:1:      dpeg_arrival_rooms_c, layout_basic
D:2:      minmay_spotlight, layout_basic, hangedman_abyss_or_decor_lesser_grid,
          hangedman_decor_push, cheibriados_altar_2
D:3:      layout_basic, chequers_ecumenical_altar_twisty
D:4:      layout_basic, uniq_blork_the_orc
D:5:      layout_basic, minmay_temple_entry_offerings
D:6:      layout_gridville, nicolae_dithmenos_through_a_glass_darkly,
          serial_glass, glass_columns_b, glass_columns_a, fedhas_ov_isle_minmay

Skill      XL: |  1  2  3  4  5  6  7 |
---------------+----------------------+-----
Axes           | 2 3 4 5 |  5.1
Dodging        | 1 2 3 |  3.1
Invocations    | 1 2 3 4 |  4.3
Fighting       | 4 |  4.8
Armour         | |  2.6
Shields        | |  2.6

Action                   |  1- 3 |  4- 6 |  7- 9 || total
-------------------------+-------+-------+-------++-------
Melee: War axe           |   132 |    94 |    22 ||   248
Throw: Javelin           |     3 |    10 |     8 ||    21
Invok: Bend Time         |       |     2 |       ||     2
  Use: Scroll            |     7 |     3 |     1 ||    11
       Potion            |       |     1 |     4 ||     5
Armor: Scale mail        |    56 |       |       ||    56
       Chain mail        |     1 |    42 |    11 ||    54
Dodge: Dodged            |    49 |    27 |    15 ||    91
Block: Kite shield       |    70 |    65 |    23 ||   158

Table legend: (Time is in decaauts)
 A = Elapsed time spent in this place.
 B = Non-inter-level travel time spent in this place.
 C = Inter-level travel time spent in this place.
 D = Time resting spent in this place.
 E = Time spent auto-exploring this place.
 F = Levels seen in this place.
 G = Mean time per level.
                   A        B        C        D        E       F      G
               +--------+--------+--------+--------+--------+-----+--------+
         Total |   6076 |   5958 |    118 |   1236 |   3872 |   6 | 1012.7 |
       Dungeon |   6076 |   5958 |    118 |   1236 |   3872 |   6 | 1012.7 |
               +--------+--------+--------+--------+--------+-----+--------+

Top non-repeatable levels by time:
     D:2: 1887 daAuts
     D:4: 1485 daAuts
     D:1: 1082 daAuts
     D:3: 945 daAuts
     D:5: 464 daAuts
     D:6: 210 daAuts
